 Dungeon Crawl Stone Soup version 0.28.0-43-g3370ac3207 (webtiles) character file.

Game seed: 18187917354686233372

1927 croobank the Firebug (level 8, -1/51 HPs)
             Began as a Grey Draconian Fire Elementalist on Mar 23, 2022.
             Was a Follower of Hepliaklqana.
             Slain by an orc warrior
             ... wielding a +2 hand axe of electrocution
              (17 damage)
             ... on level 7 of the Dungeon.
             The game lasted 00:16:24 (5699 turns).

croobank the Firebug (DrFE)                         Turns: 5699, Time: 00:16:24

Health: -1/51      AC: 12    Str: 11    XL:     8   Next: 96%
Magic:  0/15       EV: 17    Int: 18    God:    Hepliaklqana [*.....]
Gold:   298        SH:  0    Dex: 11    Spells: 6/16 levels left

rFire   . . .      SeeInvis .   n - +6 short sword
rCold   . . .      Faith    .   (no shield)
rNeg    . . .      Spirit   +   (armour unavailable)
rPois   .          Reflect  .   (helmet restricted)
rElec   .          Harm     .   (no cloak)
rCorr   .          Rampage  .   p - +0 pair of gloves
Will    .....                   (no boots)
Stlth   +++.......              y - amulet of guardian spirit
HPRegen 0.17/turn               d - +4 ring of evasion
MPRegen 0.14/turn               (no ring)

@: no status effects
A: reduced essence, AC +11, amphibious, unfitting armour, cold-blooded
a: Renounce Religion, Recall Ancestor, Ancestor Identity


You were on level 7 of the Dungeon.
You worshipped Hepliaklqana.
Hepliaklqana was aware of your devotion.
You visited 2 branches of the dungeon, and saw 8 of its levels.

You collected 298 gold pieces.

Inventory:

Hand Weapons
 g - a +0 spear
 l - the +9 hand axe "Hepo" {freeze, rPois MP-9 Str+6}
   (You found it on level 4 of the Dungeon)

   It freezes those it strikes, dealing additional cold damage.
   It can also slow down cold-blooded creatures.
   Str:       It affects your strength (+6).
   rPois:     It protects you from poison.
   MP:        It affects your magic capacity (-9).
 n - a +6 short sword (weapon)
 r - a +0 hunting sling
 t - a +1 vorpal flail
 z - a +0 long sword
Missiles
 b - 59 arrows
 e - 32 sling bullets
 h - 152 stones
 o - 40 bolts
 s - 9 poisoned darts
 x - 3 boomerangs
Armour
 p - a +0 pair of gloves (worn)
 q - a +0 kite shield
Jewellery
 d - a +4 ring of evasion (left hand)
 y - an amulet of guardian spirit (around neck)
Wands
 m - a wand of iceblast (3)
 D - a wand of polymorph (10)
 E - a wand of flame (12)
Scrolls
 a - a scroll of immolation
 w - a scroll of acquirement {unknown}
 A - a scroll of summoning {unknown}
 B - a scroll of brand weapon {unknown}
 C - 3 scrolls of fear
 G - a scroll of blinking
 H - a scroll of identify
 I - a scroll of magic mapping
Potions
 c - a potion of haste
 f - a potion of curing
 i - a potion of mutation
 j - a potion of brilliance
 k - a potion of invisibility {unknown}
 u - a potion of heal wounds {unknown}
 v - a potion of lignification {unknown}
 F - a potion of might {unknown}


   Skills:
 + Level 4.8 Dodging
 + Level 5.1 Stealth
 + Level 4.8 Spellcasting
 + Level 4.8 Conjurations
 + Level 5.6 Fire Magic
 + Level 3.6 Poison Magic


You had 6 spell levels left.
You knew the following spells:

 Your Spells              Type           Power      Damage    Failure   Level
a - Foxfire               Conj/Fire      92%        2x1d8     1%          1
b - Scorch                Fire           48%        2d7       1%          2
c - Flame Wave            Conj/Fire      23%        2d7       16%         4
d - Mephitic Cloud        Conj/Pois/Air  14%        N/A       13%         3

Your spell library contained the following spells:

 Spells                   Type           Power      Damage    Failure   Level
 Magic Dart               Conj           84%        1d7       1%          1
 Conjure Flame            Conj/Fire      23%        6-21      4%          3
 Inner Flame              Hex/Fire       14%        N/A       13%         3
 Call Imp                 Summ           4%         N/A       21%         2
 Ensorcelled Hibernation  Hex/Ice        8%         N/A       21%         2
 Passwall                 Tmut/Erth      3%         N/A       21%         2
 Swiftness                Air            4%         N/A       38%         3


Dungeon Overview and Level Annotations

Branches:
Dungeon (7/15)             Temple (1/1) D:5

Altars:
Cheibriados
Elyvilon
Fedhas
Hepliaklqana
Ru
Trog
Yredelemnul
Zin
The Shining One


Innate Abilities, Weirdness & Mutations

Your life essence is reduced to manifest your ancestor. (-10% HP)
Your dull iron-grey scales are very hard. (AC +11)
You are amphibious.
You cannot fit into any form of body armour.
You are cold-blooded and may be slowed by cold attacks.


Message History

Casting: Flame Wave (quite dangerous; 16% risk of failure)
Confirm with . or Enter, or press ? or * to list all spells.
You conjure some foxfire!
The orc hits you but does no damage.
The orc warrior hits you with a +2 hand axe of electrocution.
The orc warrior hits your foxfire with a +2 hand axe of electrocution!
You hit the orc but do no damage.
The orc is almost dead.
The foxfire hits the orc warrior.
The orc warrior is moderately wounded.
The foxfire hits the orc but does no damage.
The orc is almost dead.
The orc completely misses you. The orc warrior closely misses you.
You hit the orc warrior but do no damage.
Your tail-slap misses the orc warrior.
The orc warrior is moderately wounded.
The orc hits you but does no damage.
The orc warrior hits you but does no damage.
The orc closely misses you.
You barely miss the orc warrior.
The orc warrior is moderately wounded.
The orc warrior closely misses you. The orc misses you.
You hit the orc warrior but do no damage.
Your tail-slap misses the orc warrior.
The orc warrior is moderately wounded.
The orc warrior closely misses you. The orc hits you but does no damage.
The orc warrior completely misses you.
Casting: Foxfire (safe; 1% risk of failure)
Confirm with . or Enter, or press ? or * to list all spells.
Flames lash the orc warrior.
The orc warrior is moderately wounded.
The orc warrior's fire resistance burns away.
The orc misses you.
The orc warrior hits you but does no damage.
You are electrocuted!
Casting: Scorch (safe; 1% risk of failure)
Confirm with . or Enter, or press ? or * to list all spells.
You conjure some foxfire!
The orc misses you.
The orc warrior hits you with a +2 hand axe of electrocution.
You are electrocuted!
You die...

#.# #.#
#.........[...#
#.#
#...........$.#
#.#
#.............#
#.#
#.........>...#
#.#
#.............#
..####
#.............#
#....#
#.....ov).....#
#....#
#.....o@......#
#....#
#######v##########
#....#
#..........#
#....########
##########.#
+....'......# #.#
#....######.# #.#
#....######.# #.#
..........#.# #.#
#########.#.# #.#


You could see an orc warrior (combustible, ally target) and an orc (ally
target).

Vanquished Creatures
  Edmund (D:4)
  A water moccasin (D:6)
  3 black bears
  3 ogres
  A phantom (D:6)
  7 scorpions
  A jelly (D:5)
  A bullfrog zombie (D:6)
  3 hounds
  A gnoll shaman (D:5)
  4 iguanas
  Ijyb (D:4)
  3 orc wizards
  5 gnolls
  9 adders
  A white imp (D:5)
  2 worms (D:2)
  A dart slug (D:1)
  3 orcs
  6 endoplasms
  2 giant cockroaches (D:2)
  7 goblins
  8 hobgoblins
  8 jackals
  4 kobolds
  A quokka (D:3)
  5 ball pythons
  2 bats (D:4)
  4 frilled lizards
  4 rats
102 creatures vanquished.

Vanquished Creatures (collateral kills)
  A centaur zombie (D:6)
  A jelly (D:7)
  An orc wizard (D:7)
  A killer bee zombie (D:6)
  A foxfire (D:4)
5 creatures vanquished.

Vanquished Creatures (others)
  An ancestor (D:7)
  168 foxfires
  5 fungi
  4 plants (D:2)
178 creatures vanquished.

Grand Total: 285 creatures vanquished

Notes
Turn   | Place    | Note
-------+----------+-------------------------------------------
     0 | D:1      | croobank the Draconian Fire Elementalist began the quest
                  | for the Orb.
     0 | D:1      | Reached XP level 1. HP: 14/14 MP: 3/3
   133 | D:1      | Reached XP level 2. HP: 20/20 MP: 1/5
   194 | D:1      | Learned a level 2 spell: Scorch
   871 | D:2      | Reached XP level 3. HP: 26/26 MP: 0/6
  1221 | D:2      | Found a faded altar of an unknown god.
  1235 | D:2      | Found a snail-covered altar of Cheibriados.
  2053 | D:3      | Noticed a black bear
  2056 | D:3      | Killed a black bear
  2057 | D:3      | Reached XP level 4. HP: 33/33 MP: 0/8
  2057 | D:3      | Reached XP level 5. HP: 38/38 MP: 0/9
  2502 | D:4      | Identified the +9 hand axe "Hepo" {freeze, rPois MP-9
                  | Str+6}
  2580 | D:4      | Noticed Ijyb
  2590 | D:4      | Killed Ijyb
  2591 | D:4      | Reached XP level 6. HP: 45/45 MP: 0/10
  2825 | D:4      | Learned a level 4 spell: Flame Wave
  2829 | D:4      | Learned a level 3 spell: Mephitic Cloud
  3027 | D:4      | Noticed Edmund
  3036 | D:4      | Killed Edmund
  3037 | D:4      | Reached skill level 1 in Poison Magic
  3037 | D:4      | Your scales start taking on a dull iron-grey colour.
  3037 | D:4      | Reached XP level 7. HP: 47/50 MP: 1/12
  3285 | D:4      | Identified the +8 chain mail of the Undertaker {Drain Str+2
                  | Int+5}
  3608 | D:4      | Found a sacrificial altar of Ru.
  3684 | D:4      | Found a bloodstained altar of Trog.
  3684 | D:4      | Found a glowing golden altar of the Shining One.
  3792 | D:5      | Entered Level 5 of the Dungeon
  3870 | D:5      | Found a staircase to the Ecumenical Temple.
  3886 | Temple   | Entered the Ecumenical Temple
  3929 | Temple   | Became a worshipper of Hepliaklqana the Forgotten
  3981 | D:5      | Reached XP level 8. HP: 35/57 MP: 1/14
  4075 | D:5      | Reached skill level 5 in Fire Magic
  4930 | D:6      | Reached * piety under Hepliaklqana
  5055 | D:6      | Reached skill level 5 in Stealth
  5699 | D:7      | Slain by an orc warrior

Illustrated notes

Levels and vault maps discovered:
D:1:      minmay_arrival_checkered_box, layout_loops_ring
D:2:      wad_crossroads, layout_loops_ring, serial_glass, glass_columns_b,
          glass_columns_b, minmay_strange_pillars, feat_on_display,
          minmay_strange_pillars, basic_altar, dreamdust_ecumenical_altar_grove,
          minivault_24, minmay_tall_x
D:3:      layout_rooms
D:4:      old_forge, layout_cave_pools, gammafunk_temple_overflow_elements,
          old_standard_altar, kennysheep_opposing_triangles, uniq_ijyb,
          uniq_edmund
D:5:      layout_rooms, minmay_temple_entry_statues_fountains
D:6:      layout_gridville
D:7:      layout_basic, moated_statue
Temple:   regret_index_temple_mists

Skill      XL: |  1  2  3  4  5  6  7  8 |
---------------+-------------------------+-----
Stealth        | 2 3 4 5 |  5.1
Dodging        | 2 3 4 |  4.8
Conjurations   | 2 3 4 |  4.8
Spellcasting   | 3 4 |  4.8
Fire Magic     | 4 5 |  5.6
Poison Magic   | 1 2 3 |  3.6

Action                   |  1- 3 |  4- 6 |  7- 9 || total
-------------------------+-------+-------+-------++-------
Melee: Unarmed           |    19 |       |       ||    19
       Tailslap          |     1 |     3 |     5 ||     9
       Punch             |     1 |       |     1 ||     2
       Spear             |     7 |       |       ||     7
       Short sword       |     3 |    34 |    56 ||    93
 Cast: Foxfire           |    44 |    19 |    42 ||   105
       Scorch            |    14 |    17 |    48 ||    79
       Flame Wave        |       |       |     1 ||     1
  Use: Scroll            |     5 |       |     4 ||     9
       Potion            |       |       |     4 ||     4
Armor: Skin              |     5 |     9 |    42 ||    56
Dodge: Dodged            |    20 |    26 |    90 ||   136
